 Dungeon Crawl Stone Soup version 0.29.0-4-gdea44cf6ec (webtiles) character file.

Game seed: 17212510887800908284

100 qw the Chopper (level 4, 0/26 HPs)
             Began as a Tengu Warper on Aug 28, 2022.
             Succumbed to an adder's poison
             ... on level 2 of the Dungeon.
             The game lasted 00:00:10 (2685 turns).

qw the Chopper (Tengu Warper)                       Turns: 2685, Time: 00:00:10

Health: 0/26       AC:  3    Str: 13    XL:     4   Next: 74%
Magic:  8/8        EV: 12    Int: 14    God:
Gold:   115        SH:  0    Dex: 13    Spells: 7/7 levels left

rFire   . . .      SeeInvis .   Y - +1 hand axe
rCold   . . .      Faith    .   (no shield)
rNeg    . . .      Spirit   .   b - +0 leather armour
rPois   .          Reflect  .   (helmet restricted)
rElec   .          Harm     .   (no cloak)
rCorr   .          Rampage  .   (no gloves)
Will    .....                   (boots unavailable)
Stlth   +.........              (no amulet)
HPRegen 0.08/turn               (no ring)
MPRegen 0.11/turn               (no ring)

@: lethally poisoned (0 -> -4)
A: beak, talons 3
a: no special abilities


You were on level 2 of the Dungeon.
You visited 1 branch of the dungeon, and saw 2 of its levels.

You collected 115 gold pieces.


Innate Abilities, Weirdness & Mutations

You have a beak for a mouth.
You have claws for feet.


   Skills:
 - Level 2.0 Fighting
 + Level 5.3 Axes
 - Level 1.0 Throwing
 - Level 1.1 Armour
 - Level 2.1 Dodging
 - Level 2.0 Spellcasting
 - Level 2.4 Translocations


You had 7 spell levels left.
You didn't know any spells.
Your spell library contained the following spells:

 Spells                   Type           Power      Damage    Failure   Level
 Blink                    Tloc           16%        N/A       17%         2
 Gell's Gravitas          Tloc           8%         N/A       34%         3
 Lesser Beckoning         Tloc           8%         N/A       34%         3
 Teleport Other           Tloc           8%         N/A       34%         3
 Manifold Assault         Tloc           8%         N/A       97%         5

Inventory:

Hand Weapons
 f - a +0 whip
 Y - a +1 hand axe (weapon)
Armour
 b - a +0 leather armour (worn)
Jewellery
 c - a ring of fire
Scrolls
 a - a scroll of identify
 d - a scroll of silence {unknown}
 g - a scroll of teleportation
Potions
 j - a potion of mutation {unknown}

Dungeon Overview and Level Annotations

Branches:
Dungeon (2/15)

Altars:


Message History

You hit the adder.
The adder is heavily wounded.
The adder bites you.
You miss the adder. Your peck misses the adder.
The adder is heavily wounded.
The adder bites you but does no damage.
You closely miss the adder. Your peck misses the adder.
The adder is heavily wounded.
The adder barely misses you. The adder bites you.
You are poisoned.
The adder poisons you!
You closely miss the adder. Your kick misses the adder.
Your peck misses the adder.
The adder is heavily wounded.
You feel sick. The adder completely misses you.
You barely miss the adder. You claw the adder, but do no damage.
The adder is heavily wounded.
You feel sick. The adder barely misses you.
You hit the adder.
The adder is severely wounded.
You feel sick. The adder bites you.
You are more poisoned.
The adder poisons you! The adder bites you.
You are lethally poisoned!
The adder poisons you!
You barely miss the adder.
The adder is severely wounded.
You feel very sick. The adder bites you but does no damage.
You hit the adder.
You kill the adder!
You feel very sick.
There is a lethal amount of poison in your body!
You feel sick.
There is a lethal amount of poison in your body!
You feel sick.
There is a lethal amount of poison in your body!
You feel sick.
There is a lethal amount of poison in your body!
You die...

............#......#
............#.#.).<#
####........#.#.##.#
#######.......#.#
######## #..#.#..#.#
#......###.......#.#
#......+...##........
#......######.####.##
#......'........@#.#
#......###..####%# #
#......##..## #.#
#####.....## #.# .#
#.##### ... .# #.#
#.# .####%####### #..
.#........... ...
.#.#.########


There were no monsters in sight!

Vanquished Creatures
  6 adders (D:2)
  9 endoplasms
  4 goblins
  3 hobgoblins
  5 jackals
  4 kobolds
  2 quokkas (D:2)
  7 ball pythons
  2 bats (D:2)
  3 rats
45 creatures vanquished.

Notes
Turn   | Place    | Note
-------+----------+-------------------------------------------
     0 | D:1      | qw the Tengu Warper began the quest for the Orb.
     0 | D:1      | Reached XP level 1. HP: 12/12 MP: 4/4
     0 | D:1      | 0 ||| qw: Version: 0.1-a-89-g26bdef1
     0 | D:1      | 0 ||| qw: Game counter: 3226
     0 | D:1      | 0 ||| qw: Always use a shield: true
     0 | D:1      | 0 ||| qw: God list: Okawaru
     0 | D:1      | 0 ||| qw: Allow faded altars: false
     0 | D:1      | 0 ||| qw: Do Orc after D:15 true
     0 | D:1      | 0 ||| qw: Do second Lair branch before Depths: true
     0 | D:1      | 0 ||| qw: Lair rune preference: random
     0 | D:1      | 0 ||| qw: Plans: Normal
     0 | D:1      | 0 ||| PLANNING D:1-11
   413 | D:1      | Reached skill level 3 in Axes
   413 | D:1      | Reached XP level 2. HP: 17/17 MP: 6/6
   807 | D:1      | 807 ||| Stepping ~*~*~tactically~*~*~ (stealth).
   944 | D:1      | 944 ||| Stepping ~*~*~tactically~*~*~ (stealth).
  1093 | D:1      | Reached XP level 3. HP: 17/21 MP: 7/7
  1207 | D:1      | 1207 ||| READING scroll labelled FOHOIS IGUH.
  1208 | D:1      | 1208 ||| READING 3 scrolls labelled NYABRAMILO.
  1211 | D:1      | 1211 ||| READING scroll labelled UHIMEA TIVAAT.
  1212 | D:1      | 1212 ||| READING scroll labelled QOJINI QUEGITI.
  1213 | D:1      | 1213 ||| DRINKING 2 amethyst potions.
  1214 | D:1      | 1214 ||| DROPPING scroll of blinking.
  1240 | D:2      | Reached skill level 4 in Axes
  1261 | D:2      | 1261 ||| FLEEEEING.
  1266 | D:2      | 1266 ||| STAIRDANCE
  1614 | D:2      | Reached XP level 4. HP: 7/26 MP: 8/8
  1614 | D:2      | HP: 6/26 [poisoned by an adder]
  2248 | D:2      | HP: 3/26 [adder (4)]
  2249 | D:2      | 2249 ||| READING 2 scrolls of teleportation.
  2250 | D:2      | HP: 1/26 [poisoned by an adder]
  2252 | D:2      | 2252 ||| DRINKING potion of curing.
  2252 | D:2      | 2252 ||| (to cure poison)
  2457 | D:2      | Reached skill level 5 in Axes
  2681 | D:2      | HP: 6/26 [poisoned by an adder]
  2683 | D:2      | HP: 2/26 [poisoned by an adder]
  2685 | D:2      | Succumbed to an adder's poison

Levels and vault maps discovered:
D:1:      roderic_dead_forest, layout_loops_corners,
          chequers_serial_rivers_small_b
D:2:      layout_basic, basic_altar

Skill      XL: |  1  2  3  4 |
---------------+-------------+-----
Axes           | 3 4 5 |  5.3
Fighting       | |  2.0
Throwing       | |  1.0
Armour         | |  1.1
Dodging        | |  2.1
Spellcasting   | |  2.0
Translocations | |  2.4

Action                   |  1- 3 |  4- 6 || total
-------------------------+-------+-------++-------
Melee: Hand axe          |    76 |    41 ||   117
       Kick              |    14 |     2 ||    16
       Peck              |    11 |     2 ||    13
       Punch             |     1 |       ||     1
Throw: Boomerang         |     7 |       ||     7
  Use: Scroll            |     4 |     1 ||     5
       Potion            |     1 |     1 ||     2
Armor: Leather armour    |    14 |     9 ||    23
Dodge: Dodged            |    39 |    26 ||    65

Table legend:
 A = Non-vault XP
 B = Vault XP
 C = Vault XP percentage of total XP
 D = Non-vault monster count
 E = Vault monster count
 F = Vault count percentage of total count
                 A         B        C        D         E       F
            +---------+---------+-------+---------+---------+-------
      Total |     144 |       0 |   0.0 |      45 |       0 |   0.0
            +---------+---------+-------+---------+---------+-------
        D:1 |      34 |       0 |   0.0 |      20 |       0 |   0.0
        D:2 |     110 |       0 |   0.0 |      25 |       0 |   0.0
            +---------+---------+-------+---------+---------+-------
